 Dungeon Crawl Stone Soup version 0.21-a0-538-gd16b88a (webtiles) character file.

37 KristoblXynda the Chopper (level 3, 0/29 HPs)
             Began as a Draconian Gladiator on Dec 16, 2017.
             Slain by a quokka (3 damage)
             ... on level 2 of the Dungeon.
             The game lasted 00:01:40 (538 turns).

KristoblXynda the Chopper (Draconian Gladiator)      Turns: 538, Time: 00:01:41

Health: 0/29       AC:  5    Str: 16    XL:     3   Next: 23%
Magic:  12/12      EV: 13    Int:  9    God:
Gold:   72         SH:  0    Dex: 12    Spells: 2/2 levels left

rFire    . . .     SeeInvis .   a - +0 war axe
rCold    . . .     Gourm    .   (no shield)
rNeg     . . .     Faith    .   (armour unavailable)
rPois    .         Spirit   .   b - +0 hat
rElec    .         Reflect  .   (no cloak)
rCorr    .         Harm     .   (no gloves)
MR       .....                  (no boots)
Stlth    +.........             (no amulet)
HPRegen  0.09/turn              n - ring of magical power
MPRegen  0.13/turn              (no ring)

@: lethally poisoned (0 -> -5), flying, hasted, very quick
A: unfitting armour, cold-blooded, AC +5
a: no special abilities


You were on level 2 of the Dungeon.
You were not hungry.

You visited 1 branch of the dungeon, and saw 2 of its levels.

You collected 72 gold pieces.

Inventory:

Hand Weapons
 a - a +0 war axe (weapon)
Missiles
 c - 4 throwing nets (quivered)
Armour
 b - a +0 hat (worn)
Jewellery
 n - a ring of magical power (left hand)
Scrolls
 e - 2 scrolls of identify {unknown}
 j - a scroll of fear {unknown}
 k - 2 scrolls of enchant armour {unknown}
 l - a scroll of enchant weapon {unknown}
Potions
 g - a potion of invisibility {unknown}
 h - a potion of heal wounds {unknown}
Comestibles
 d - a bread ration
 f - a meat ration


   Skills:
 - Level 2.1 Fighting
 + Level 3.5 Axes
 - Level 2.2 Throwing
 + Level 3.1 Dodging
 + Level 0.7 Stealth


You had 2 spell levels left.
You didn't know any spells.

Dungeon Overview and Level Annotations

Branches:
Dungeon (2/15)

Altars:


Innate Abilities, Weirdness & Mutations

Your plain brown scales are hard. (AC +5)
You cannot fit into any form of body armour.
You are cold-blooded and may be slowed by cold attacks.


Message History

A goblin comes into view.
The quokka closely misses you. The hobgoblin misses you.
You see here a kobold corpse.
Unknown command.
You closely miss the leopard gecko. You hit the quokka. You hit the hobgoblin.
You feel sick. The quokka closely misses you. The leopard gecko bites you.
The hobgoblin barely misses you.
The quokka bites you but does no damage.
The leopard gecko bites you.
* * * LOW HITPOINT WARNING * * *
Unknown command.
It was a potion of flight.
You feel very buoyant.
You fly up into the air.
* * * LOW HITPOINT WARNING * * *
You feel sick. The hobgoblin misses you. The quokka barely misses you.
The leopard gecko bites you.
* * * LOW HITPOINT WARNING * * *
It was a potion of haste.
You feel yourself speed up. The quokka bites you.
You die...

# .. .#. ....########
...........###
#.gr......# #l@†..#.###
##g...$...# #.....##..
###.....# ..#####.# #.#
#.# #.# #.#
######.#####.###########
#......................#


You could see a leopard gecko, a quokka, a hobgoblin and a goblin.

Vanquished Creatures
  An adder (D:2)
  An ooze (D:1)
  A leopard gecko (D:1)
  4 bats
  3 hobgoblins (D:1)
  7 kobolds
  2 frilled lizards
  2 goblins
  2 rats (D:1)
23 creatures vanquished.

Notes
Turn   | Place    | Note
-------+----------+-------------------------------------------
     0 | D:1      | KristoblXynda the Draconian Gladiator began the quest for the Orb.
     0 | D:1      | Reached XP level 1. HP: 17/17 MP: 1/1
   144 | D:1      | Reached XP level 2. HP: 14/24 MP: 2/2
   532 | D:2      | Reached XP level 3. HP: 22/29 MP: 3/3
   538 | D:2      | Slain by a quokka

Vault maps used:
D:1:      dpeg_arrival_connections
D:2:      chequers_ecumenical_altar_simple, kennysheep_pointless_box

Skill      XL: |  1  2 |
---------------+-------+-----
Throwing       | 2 |  2.2
Dodging        | 3 |  3.1
Fighting       | |  2.1
Axes           | |  3.5
Stealth        | |  0.7

Action                   || total
-------------------------++-------
Melee: War axe           ||    62
       Tailslap          ||     6
  Use: Potion            ||     2
Armor: Skin              ||    17
Dodge: Dodged            ||    69

Table legend:
 A = Spawn XP
 B = Non-spawn XP
 C = Spawn XP percentage of total XP
 D = Spawn monster count
 E = Non-spawn monster count
 F = Spawn count percentage of total count
 G = Total turns spent on level
                    A         B        C        D         E        F      G
               +---------+---------+-------+---------+---------+-------+---------
         Total |       0 |      54 |   0.0 |       0 |      23 |   0.0 |   538
               +---------+---------+-------+---------+---------+-------+---------
           D:1 |       0 |      34 |   0.0 |       0 |      17 |   0.0 |   473
           D:2 |       0 |      20 |   0.0 |       0 |       6 |   0.0 |    65
               +---------+---------+-------+---------+---------+-------+---------
